 Dungeon Crawl Stone Soup version 0.28.0-45-g0d030f2227 (webtiles) character file.

Game seed: 10884378431560922149

181 101zpm the Magician (level 5, 0/35 HPs)
             Began as a Djinni Ice Elementalist on Apr 14, 2022.
             Was an Initiate of Makhleb.
             Slain by a centaur zombie (3 damage)
             ... on level 5 of the Dungeon.
             The game lasted 00:14:32 (4610 turns).

101zpm the Magician (Djinni Ice Elementalist)       Turns: 4610, Time: 00:14:33

Health: 0/35       AC:  3    Str:  7    XL:     5   Next: 92%
Gold:   126        EV: 12    Int: 19    God:    Makhleb [......] SH:  0 Dex: 13

rFire   + + .      SeeInvis .   b - staff of cold
rCold   . . .      Faith    .   g - orb {mayhem}
rNeg    . . .      Spirit   .   a - +0 robe
rPois   ∞          Reflect  .   (no helmet)
rElec   .          Harm     .   (no cloak)
rCorr   .          Rampage  .   o - +0 pair of gloves
Will    .....                   (boots unavailable)
Stlth   ++........              (no amulet)
HPRegen 0.11/turn               (no ring)
MPRegen 0.00/turn               (no ring)

@: flying
A: sickness immunity, fire resistance 2, cold vulnerability 1, float, innate
caster, HP casting, extra vitality 1
a: Renounce Religion


You were on level 5 of the Dungeon.
You worshipped Makhleb.
Makhleb was noncommittal.
You visited 2 branches of the dungeon, and saw 6 of its levels.

You collected 126 gold pieces.

Inventory:

Missiles
 l - 89 stones
 p - 5 javelins
Armour
 a - a +0 robe (worn)
 g - an orb of mayhem (worn)
 o - a +0 pair of gloves (worn)
Magical Staves
 b - a staff of cold (weapon)
 c - a staff of cold
Jewellery
 f - a +6 ring of intelligence
Wands
 n - a wand of flame (17)
Scrolls
 e - 2 scrolls of identify
 j - a scroll of teleportation
 m - a scroll of enchant weapon {unknown}
 q - a scroll of enchant armour {unknown}
Potions
 d - 2 potions of attraction {unknown}
 h - 2 potions of lignification {unknown}
 i - 2 potions of heal wounds {unknown}
 k - a potion of curing {unknown}
 r - a potion of might {unknown}
 s - a potion of degeneration {unknown}


   Skills:
 + Level 0.2 Fighting
 + Level 2.6 Dodging
 + Level 2.1 Stealth
 + Level 4.9 Spellcasting


You couldn't memorise any spells.
You knew the following spells:

 Your Spells              Type           Power      Damage    Failure   Level
a - Freeze                Ice            100%       1d11      1%          1
b - Frozen Ramparts       Ice            70%        1d9       4%          3
c - Ozocubu's Armour      Ice            35%        N/A       4%          3
d - Hailstorm             Conj/Ice       35%        3d9       16%         4
e - Shock                 Conj/Air       92%        1d8       1%          1
f - Wereblood             Tmut           23%        N/A       2%          2
Your spell library was empty.

Dungeon Overview and Level Annotations

Branches:
Dungeon (5/15)             Temple (1/1) D:4

Altars:
Ashenzari
Cheibriados
Dithmenos
Elyvilon
Fedhas
Gozag
Hepliaklqana
Kikubaaqudgha
Makhleb
Nemelex Xobeh
Okawaru
Qazlal
Ru
Sif Muna
Trog
Uskayaw
Vehumet
Wu Jian
Xom
Yredelemnul
Zin
The Shining One


Innate Abilities, Weirdness & Mutations

You are immune to sickness and miasma.
You are immune to poison.
Your flesh is very heat resistant. (rF++)
You are vulnerable to cold. (rC-)
You float through the air rather than walking.
You learn spells naturally, not from books.
Your magical power is your life essence.
You have superior vitality. (+4 MHP)


Message History

The wall freezes the centaur zombie but does no damage.
The centaur zombie barely misses you.
The centaur zombie kicks you but does no damage.
Casting: Shock (safe; 1% risk of failure)
Confirm with . or Enter, or press ? or * to list all spells.
Aiming: Shock (safe; 1% risk of failure)
Press: ? - help, Shift-Dir - straight line, f/p - centaur zombie
Aim: a centaur zombie (heavily damaged, 100% to hit)
The zap hits the centaur zombie.
The centaur zombie is heavily damaged.
The centaur zombie completely resists.
The wall freezes the centaur zombie but does no damage.
The centaur zombie hits you but does no damage.
The centaur zombie closely misses you.
Casting: Shock (safe; 1% risk of failure)
Confirm with . or Enter, or press ? or * to list all spells.
Aiming: Shock (safe; 1% risk of failure)
Press: ? - help, Shift-Dir - straight line, f/p - centaur zombie
Aim: a centaur zombie (heavily damaged, 100% to hit)
The zap hits the centaur zombie.
The centaur zombie is severely damaged.
* * * LOW HITPOINT WARNING * * *
The centaur zombie completely resists.
The wall freezes the centaur zombie but does no damage.
The centaur zombie hits you.
* * * LOW HITPOINT WARNING * * *
The centaur zombie misses you.
Your icy armour and frozen ramparts will break if you move.
Continue?
Your icy armour cracks and falls away as you move.
The frozen ramparts melt away as you move.
The centaur zombie hits you.
* * * LOW HITPOINT WARNING * * *
The centaur zombie kicks you but does no damage.
The centaur zombie barely misses you. The centaur zombie kicks you.
* * * LOW HITPOINT WARNING * * *
The centaur zombie barely misses you. The centaur zombie kicks you.
* * * LOW HITPOINT WARNING * * *
There is a stone staircase leading up here.
The centaur zombie hits you.
You die...

#.# #..#....#.# #.#
#..#....#.# #.#
#..#......#
##'######..##...###
#..........#....#
#..........#....#
#..........'....#
#..........###..#
##@Z............#
############.###.##
.............# #.#
########...### #.#
#####...#####.#
#...'...'.....#
#.###...#######
#.<........
#...#######


You could see a centaur zombie.

Vanquished Creatures
  A bullfrog zombie (D:5)
  A howler monkey skeleton (D:5)
  5 adders
  A shadow imp (D:5)
  A worm (D:2)
  5 dart slugs
  2 orcs (D:3)
  4 ball pythons
  9 endoplasms
  4 giant cockroaches
  2 goblins
  4 hobgoblins
  8 jackals
  2 quokkas
  5 bats
  6 frilled lizards
  5 kobolds
  8 rats
73 creatures vanquished.

Vanquished Creatures (collateral kills)
  A bat (D:3)
1 creature vanquished.

Vanquished Creatures (others)
  A jackal (D:3)
1 creature vanquished.

Grand Total: 75 creatures vanquished

Notes
Turn   | Place    | Note
-------+----------+-------------------------------------------
     0 | D:1      | 101zpm the Djinni Ice Elementalist began the quest for the
                  | Orb.
     0 | D:1      | Reached XP level 1. HP: 15/15 MP: 0/0
   593 | D:1      | Found a faded altar of an unknown god.
   599 | D:1      | Reached XP level 2. HP: 19/21 MP: 0/0
   895 | D:1      | Reached XP level 3. HP: 19/25 MP: 0/0
   895 | D:1      | Learned a level 1 spell: Shock
  1550 | D:1      | Reached skill level 4 in Spellcasting
  2032 | D:2      | Reached XP level 4. HP: 28/31 MP: 0/0
  3134 | D:3      | Reached XP level 5. HP: 30/35 MP: 0/0
  3134 | D:3      | Learned a level 2 spell: Wereblood
  3533 | D:3      | Found a snail-covered altar of Cheibriados.
  3560 | D:4      | Found a staircase to the Ecumenical Temple.
  3571 | Temple   | Entered the Ecumenical Temple
  3985 | Temple   | Became a worshipper of Makhleb the Destroyer
  4032 | D:5      | Entered Level 5 of the Dungeon
  4610 | D:5      | Slain by a centaur zombie

Illustrated notes

Levels and vault maps discovered:
D:1:      psy_arrival_statuary, layout_loops_ring, ebering_ecumenical_altar_box,
          minmay_heptomino_o4
D:2:      layout_basic, minmay_circle_x
D:3:      layout_loops_ring, cheibriados_altar_1, amethyst_killhole
D:4:      layout_rooms, minmay_temple_entry_grid, nicolae_grassy_gnolls
D:5:      layout_basic
Temple:   mainiacjoe_temple_archimedes_tessellation

Skill      XL: |  1  2  3  4  5 |
---------------+----------------+-----
Spellcasting   | 4 |  4.9
Stealth        | 2 |  2.1
Fighting       | |  0.2
Dodging        | |  2.6

Action                   |  1- 3 |  4- 6 || total
-------------------------+-------+-------++-------
Melee: Staff             |     6 |     1 ||     7
 Cast: Freeze            |    43 |    36 ||    79
       Frozen Ramparts   |     6 |    10 ||    16
       Shock             |       |    34 ||    34
       Ozocubu's Armour  |       |     4 ||     4
  Use: Scroll            |       |     1 ||     1
 Stab: Distracted        |     1 |       ||     1
Armor: Robe              |     3 |     9 ||    12
Dodge: Dodged            |    28 |    40 ||    68
